[Event "Hungarian Youth-ch U16 2022"]
[Site "Eger"]
[Date "2022.07.30"]
[Round "8.7"]
[White "Buri, Petra Zsuzsanna"]
[Black "Karacsonyi, Kata"]
[Result "*"]
[ECO "A13"]
[WhiteElo "1784"]
[BlackElo "2147"]
[Annotator "TA"]
[PlyCount "31"]
[EventDate "2022.07.21"]
[EventType "tourn"]
[EventCountry "HUN"]
[SourceTitle "playchess.com"]
[Source "ChessBase"]
[SourceQuality "1"]
[TimeControl "40/5400+30:1800+30"]

1. c4 e6 2. Nf3 Nf6 3. g3 d5 4. Bg2 c5 5. cxd5 exd5 6. d4 Nc6 7. O-O b6 {[%emt 0:07:29] [#]} (7... Be7 $14) 8. Nc3 $1 $16 {[%emt 0:08:53] And now Ne5 would win. D30: Queen's Gambit Declined: Systems without Nc3.} h6 (8... Be7 $16) 9. Ne5 $18 Bb7 {[%emt 0:04:50] [#]  Weighted Error Value: White=0.00 (flawless) /Black=0.90} {Predecessor:} 10. Qa4 $146 Rc8 11. e4 b5 12. Qxb5 Qb6 13. Qxb6 axb6 14. Nxc6 Bxc6 15. exd5 Bd7 16. Re1+ {1-0 (44) Magalakis,S (2165)-Bakirtzis,K (1223) Kavala 2022} *

[Event "Hungarian Youth-ch U16 2022"]
[Site "Eger"]
[Date "2022.07.30"]
[Round "8.7"]
[White "Kovacs, Veronika"]
[Black "Harkai, Emma"]
[Result "1-0"]
[ECO "A13"]
[WhiteElo "1633"]
[BlackElo "1761"]
[Annotator "NA COMBH"]
[PlyCount "67"]
[EventDate "2022.07.21"]
[EventType "tourn"]
[EventCountry "HUN"]
[SourceTitle "playchess.com"]
[Source "ChessBase"]
[SourceQuality "1"]
[TimeControl "40/5400+30:1800+30"]

1. c4 e6 2. Nf3 Nf6 3. g3 d5 4. Bg2 c5 5. cxd5 exd5 6. d4 Nc6 7. O-O b6 8. Nc3 h6 (8... Be7 $16) 9. Ne5 $18 Bb7 10. Qa4 cxd4 11. Nxc6 Qd7 12. Nxd4 Bc5 13. Qxd7+ Kxd7 14. Nb3 Ne4 15. Nxc5+ bxc5 16. Rd1 Ke6 17. Nb5 Ke7 18. Bf4 g5 19. Bxe4 dxe4 20. Bd6+ Kf6 21. Bxc5 Kg6 22. Nxa7 f6 23. Rd6 Rh7 24. Bd4 Rf7 25. Rc1 Kg7 26. a4 h5 27. a5 e3 28. Bxe3 Be4 29. f3 Bg6 30. Nc6 Re8 31. Kf2 g4 32. a6 f5 33. a7 Rff8 34. Nb8 1-0

[Event "Hungarian Youth-ch U16 2022"]
[Site "Eger"]
[Date "2022.07.31"]
[Round "9.1"]
[White "Szikszai, Bertalan"]
[Black "Kocsmar, Akos"]
[Result "1/2-1/2"]
[ECO "B51"]
[WhiteElo "2153"]
[BlackElo "2061"]
[Annotator "RC"]
[PlyCount "56"]
[EventDate "2022.07.21"]
[EventType "tourn"]
[EventCountry "HUN"]
[SourceTitle "playchess.com"]
[Source "ChessBase"]
[SourceQuality "1"]
[TimeControl "40/5400+30:1800+30"]

1. e4 c5 2. Nf3 d6 3. Bb5+ Nd7 4. O-O Ngf6 5. Re1 a6 6. Bf1 g6 7. c3 Bg7 8. d4 O-O 9. e5 dxe5 10. dxe5 Ne8 11. Bf4 Nc7 12. a4 Ne6 13. Bg3 Qc7 14. Nbd2 b6 15. Qc2 Bb7 16. h4 Rfd8 17. Rad1 Bc6 18. Bc4 Ndf8 19. Ng5 Bd5 20. Bxd5 Rxd5 21. Ndf3 Rad8 22. Rxd5 Rxd5 23. Qe4 Qd8 24. Qc4 Qa8 25. Qe2 h6 26. Nxe6 Nxe6 27. Qe4 Qd8 28. Qc4 Qa8 1/2-1/2

[Event "Hungarian Youth-ch U16 2022"]
[Site "Eger"]
[Date "2022.07.31"]
[Round "9.2"]
[White "Fule, Simon"]
[Black "Pasztor, Balazs"]
[Result "1/2-1/2"]
[ECO "B90"]
[WhiteElo "2271"]
[BlackElo "2336"]
[Annotator "RC"]
[PlyCount "48"]
[EventDate "2022.07.21"]
[EventType "tourn"]
[EventCountry "HUN"]
[SourceTitle "playchess.com"]
[Source "ChessBase"]
[SourceQuality "1"]
[TimeControl "40/5400+30:1800+30"]

1. e4 c5 2. Nf3 d6 3. d4 cxd4 4. Nxd4 Nf6 5. Nc3 a6 6. f3 e5 7. Nb3 Be6 8. Be3 h5 9. Nd5 Bxd5 10. exd5 Nbd7 11. Qd2 g6 12. Be2 Bg7 13. Na5 Qc7 14. c4 e4 15. Rc1 exf3 16. gxf3 O-O 17. O-O Rfe8 18. b4 Rxe3 19. Qxe3 Re8 20. Qd2 Bh6 21. f4 Ne4 22. Qe1 Ndf6 23. Nb3 Qd7 24. Qd1 Qa4 1/2-1/2

[Event "Hungarian Youth-ch U16 2022"]
[Site "Eger"]
[Date "2022.07.31"]
[Round "9.4"]
[White "Tran, David"]
[Black "Borzsei, Andras"]
[Result "1-0"]
[ECO "B23"]
[WhiteElo "2090"]
[BlackElo "2002"]
[Annotator "NA RC"]
[PlyCount "63"]
[EventDate "2022.07.21"]
[EventType "tourn"]
[EventCountry "HUN"]
[SourceTitle "playchess.com"]
[Source "ChessBase"]
[SourceQuality "1"]
[TimeControl "40/5400+30:1800+30"]

1. e4 c5 2. Nc3 e6 3. g3 a6 4. Bg2 Nc6 5. d3 b5 6. f4 Bb7 7. Be3 Qc7 8. Nf3 d6 9. O-O Nf6 10. h3 Nd7 (10... h6 $11 {remains equal.}) 11. g4 (11. f5 $1 $14) 11... h6 12. Qd2 Be7 13. Qf2 O-O-O 14. a3 g5 (14... Kb8 $11) 15. fxg5 h5 16. gxh5 Rxh5 17. Ne2 Rg8 18. Nf4 Rh7 {[%emt 0:01:20] [#]} (18... Rhh8 $14) 19. g6 $16 Rhg7 20. gxf7 Rxf7 21. Nxe6 Qb8 22. Qd2 Rf6 23. Nfg5 Rfg6 24. Rf5 Nd8 25. Nxd8 Bxd8 26. h4 Nf6 27. Bh3 Kc7 28. Rxc5+ Bc6 29. Be6 Nxe4 30. dxe4 Rxe6 31. Rxc6+ Kxc6 32. Qd5+ 1-0

[Event "Hungarian Youth-ch U16 2022"]
[Site "Eger"]
[Date "2022.07.31"]
[Round "9.5"]
[White "Harkai, Emma"]
[Black "Bodo, Boglarka"]
[Result "1/2-1/2"]
[ECO "C42"]
[WhiteElo "1761"]
[BlackElo "1722"]
[Annotator "NA RC"]
[PlyCount "90"]
[EventDate "2022.07.21"]
[EventType "tourn"]
[EventCountry "HUN"]
[SourceTitle "playchess.com"]
[Source "ChessBase"]
[SourceQuality "1"]
[TimeControl "40/5400+30:1800+30"]

1. e4 e5 2. Nf3 Nf6 3. Nc3 Bb4 4. d3 d5 5. exd5 Nxd5 6. Bd2 Nc6 7. Ne4 Bxd2+ 8. Nfxd2 Bf5 9. g3 Bxe4 10. Nxe4 Qe7 11. Qd2 Nd4 12. Bg2 c6 13. O-O O-O 14. Rfe1 Rad8 15. c3 Nf5 16. Qe2 Rfe8 17. Rad1 h6 18. Nd2 Nf6 19. Nc4 Nd7 20. Qc2 Nd6 21. Nd2 Qf6 22. b4 Qg6 23. a4 f5 24. Kh1 Nf6 25. Nf3 e4 26. dxe4 Ndxe4 27. Nd4 Qh5 28. h4 Rd7 29. Kg1 Rde7 30. Rf1 Nd5 31. Ne2 Nxf2 32. Rxf2 Rxe2 33. Bxd5+ cxd5 34. Qxf5 Re1+ 35. Rxe1 Rxe1+ 36. Kg2 Qxf5 37. Rxf5 Rd1 38. a5 Rd2+ 39. Rf2 Rd3 40. Rc2 Kf7 41. Rf2+ Ke6 42. Rf3 Rd2+ 43. Rf2 Rd3 44. Rf3 Rd2+ 45. Rf2 Ke5 1/2-1/2

[Event "Hungarian Youth-ch U16 2022"]
[Site "Eger"]
[Date "2022.07.31"]
[Round "9.6"]
[White "Sipos, Stefania"]
[Black "Kovacs, Veronika"]
[Result "1-0"]
[ECO "B10"]
[WhiteElo "1802"]
[BlackElo "1633"]
[Annotator "NA RC"]
[PlyCount "83"]
[EventDate "2022.07.21"]
[EventType "tourn"]
[EventCountry "HUN"]
[SourceTitle "playchess.com"]
[Source "ChessBase"]
[SourceQuality "1"]
[TimeControl "40/5400+30:1800+30"]

1. e4 c6 2. c4 d5 3. exd5 cxd5 4. cxd5 Nf6 5. Nc3 Nxd5 6. Nf3 Nc6 7. Bb5 e6 8. d4 Bd7 9. Bd3 Bb4 10. Qc2 {[%emt 0:04:42] [#]} Rc8 $1 11. Bd2 {[%emt 0:10:23] [#]} Bxc3 (11... Qb6 $1 $17 12. Nxd5 exd5 13. Bxb4 Qxb4+ 14. Qd2 O-O) 12. bxc3 {[%emt 0:03:09] [#]} Ncb4 $1 13. Qb1 Nxd3+ 14. Qxd3 Qc7 15. O-O O-O (15... Nxc3 $2 16. Rfc1 $18) 16. Rac1 $11 {[%emt 0:04:58] keeps the balance.} Nf4 17. Qe3 Nd5 18. Qg5 h6 (18... f6 $17 19. Qg4 Qc4) 19. Qh4 Qd8 20. Qg3 Kh7 21. Rfe1 Bc6 22. Ne5 Qf6 $16 (22... Ne7 $11 {keeps the balance.}) 23. Ng4 Qg6 24. Qh4 f5 25. Ne5 Qf6 26. Qh5 Be8 27. Qe2 g5 28. Nd3 Bb5 29. Rb1 Ba6 30. Qxe6 Qxe6 31. Rxe6 Nxc3 32. Bxc3 Rxc3 33. Nc5 Rc8 34. h3 Ra3 35. Nxa6 bxa6 36. Rb7+ Kg8 37. Rg6+ Kf8 38. Rxh6 Kg8 39. Rxa7 Rxa2 40. Rhxa6 Rc1+ 41. Kh2 Rxf2 42. Rg6+ 1-0

[Event "Hungarian Youth-ch U16 2022"]
[Site "Eger"]
[Date "2022.07.31"]
[Round "9.7"]
[White "Buri, Petra Zsuzsanna"]
[Black "Karacsonyi, Kata"]
[Result "1/2-1/2"]
[ECO "B56"]
[WhiteElo "1784"]
[BlackElo "2147"]
[Annotator "NA RC"]
[PlyCount "91"]
[EventDate "2022.07.21"]
[EventType "tourn"]
[EventCountry "HUN"]
[SourceTitle "playchess.com"]
[Source "ChessBase"]
[SourceQuality "1"]
[TimeControl "40/5400+30:1800+30"]

1. e4 c5 2. Nf3 d6 3. d4 cxd4 4. Nxd4 Nf6 5. Nc3 Nc6 6. f3 e5 7. Nb3 Be7 8. Be3 Be6 9. Qd2 O-O {[%emt 0:01:59] 9...0-0 is better than 9...d5.} 10. Rd1 a6 11. Bd3 (11. Nd5 $14) 11... b5 12. O-O {[%emt 0:03:15] [#]} b4 $146 (12... Nb4 $11) ({Predecessor:} 12... Qc7 13. Ne2 Rad8 14. Qc3 b4 15. Qd2 a5 16. Bb5 Na7 17. Qd3 Rb8 18. c4 Nxb5 19. cxb5 {0-1 (45) Cunha,L (2000)-Carvalho,R (2040) Rio de Janeiro 1999}) 13. Nd5 Nxd5 14. exd5 Bxd5 {[%emt 0:00:08] [#]} 15. Bxh7+ $1 Kxh7 16. Qxd5 Qc7 (16... Rc8 $11 {remains equal.}) 17. f4 Kg8 18. f5 Rfd8 (18... Rac8 $11 {remains equal.}) 19. Nd2 $16 Na7 20. f6 Bxf6 21. Ne4 Qc6 22. Nxf6+ gxf6 23. Qxc6 Nxc6 24. Rxf6 Ne7 25. Bb6 Rdc8 26. Rd2 d5 27. Rdf2 Rab8 28. Rxf7 Rxb6 29. Rxe7 e4 30. Rf5 Rd6 31. Rff7 Rg6 32. Rc7 Rxc7 33. Rxc7 Rd6 34. c3 d4 35. cxd4 Rxd4 36. Rc2 a5 37. Kf2 Rd3 38. Re2 b3 39. a3 Rd4 40. Ke3 Rc4 41. Rf2 Kg7 42. g4 Kg6 43. h4 a4 44. Rh2 Kh6 45. h5 Rc6 46. Rg2 1/2-1/2